 Dungeon Crawl Stone Soup version 0.30-a0-373-gd37427bb62 (webtiles) character file.

Game seed: 18244162425571379821

41 DanTheMan429456 the Ruffian (level 3, -2/42 HPs)
             Began as a Draconian Transmuter on Nov 24, 2022.
             Slain by a hobgoblin (4 damage)
             ... led by Robin
             ... on level 2 of the Dungeon.
             The game lasted 00:02:43 (905 turns).

DanTheMan429456 the Ruffian (Draconian Transmuter)   Turns: 905, Time: 00:02:46

Health: -2/42      AC:  5    Str: 14    XL:     3   Next: 32%
Magic:  4/6        EV: 12    Int: 19    God:
Gold:   52         SH:  0    Dex: 11    Spells: 3/6 levels left

rFire   . . .      SeeInvis .      - Unarmed
rCold   . . .      Faith    .    (no shield)
rNeg    . . .      Spirit   .    (body armour unavailable)
rPois   .          Reflect  .    (helmet currently unavailable)
rElec   .          Harm     .    (no cloak)
rCorr   .          Rampage  .    (no gloves)
Will    .....                    (boots currently unavailable)
Stlth   ..........               (no amulet)
HPRegen 0.27/turn                b - ring of flight
MPRegen 0.10/turn                c - +6 ring of intelligence

@: berserking, lethally poisoned (-2 -> -4), appendages (expiring), wereblooded,
flying, very quick
A: horns 2, talons 2, AC +5, unfitting armour, cold-blooded
a: End Transformation


You were on level 2 of the Dungeon.
You had temporarily grown beastly horns and talons.
You visited 1 branch of the dungeon, and saw 2 of its levels.

You collected 52 gold pieces.

Inventory:

Jewellery
 b - a ring of flight (left hand)
 c - a +6 ring of intelligence (right hand)
Potions
 a - a potion of lignification
 d - a potion of flight {unknown}


   Skills:
 + Level 1.1 Fighting
 + Level 2.1 Dodging
 + Level 3.7 Unarmed Combat
 + Level 2.4 Spellcasting
 + Level 2.2 Transmutations


You had 3 spell levels left.
You knew the following spells:

 Your Spells              Type           Power      Damage    Failure   Level
a - Beastly Appendage     Tmut           20%        N/A       6%          1
b - Wereblood             Tmut           10%        N/A       10%         2

Your spell library contained the following spells:

 Spells                   Type           Power      Damage    Failure   Level
 Spider Form              Tmut/Pois      6%         N/A       30%         3
 Ice Form                 Ice/Tmut       6%         N/A       71%         4


Dungeon Overview and Level Annotations

Branches:
Dungeon (2/15)

Altars:

Shops:
D:1 !

Annotations:
D:2 Robin


Innate Abilities, Weirdness & Mutations

You have temporarily grown beastly horns and talons.
Your plain brown scales are hard. (AC +5)
You cannot fit into any form of body armour.
You are cold-blooded and may be slowed by cold attacks.


Message History

The hobgoblin closely misses you. x2; The goblin hits you with a +0 dagger.
The goblin barely misses you. x2; The hobgoblin misses you.
You punch the goblin!
You feel a bit better.
You kill the goblin!
The hobgoblin misses you. The hobgoblin hits you. The goblin barely misses you.
The hobgoblin hits you but does no damage.
The goblin hits you with a +0 dagger.
The goblin hits you with a +1 dagger of venom.
You are poisoned.
You are too injured to fight recklessly!
You punch the goblin!
You feel a bit better.
You kill the goblin!
Your transformation is almost over.
You feel sick. Robin throws the goblin at you! The hobgoblin hits you.
The hobgoblin hits you but does no damage.
The goblin misses you. The goblin barely misses you.
The hobgoblin barely misses you.
The hobgoblin hits you but does no damage.
You hit the goblin.
You feel a bit better.
You kill the goblin!
You feel sick.
The hobgoblin hits you but does no damage.
The hobgoblin barely misses you. The hobgoblin closely misses you.
The hobgoblin hits you.
* * * LOW HITPOINT WARNING * * *
The goblin hits you but does no damage.
You barely miss Robin. Your headbutt misses Robin.
You feel sick. The hobgoblin barely misses you. The hobgoblin misses you.
The hobgoblin barely misses you.
Robin hits you with a +3 dagger of holy wrath.
* * * LOW HITPOINT WARNING * * *
The goblin hits you but does no damage. The hobgoblin barely misses you.
A red film seems to cover your vision as you go berserk!
You feel yourself moving faster!
You feel mighty!
You feel sick. Robin hits you but does no damage.
The hobgoblin completely misses you. The hobgoblin closely misses you.
The goblin closely misses you. The hobgoblin hits you.
* * * LOW HITPOINT WARNING * * *
The hobgoblin hits you.
You die...

#.# .. #.# ..#
#.####..#
#.#......
.######.#....#
.............
......gg).#
......g@.#
..$...ggg..#
$......#......#
.....[. .......
......# ###....
####.. .#.# ..#
. # ... .


You could see Robin, 4 hobgoblins and a goblin (strong).

Vanquished Creatures
  A gnoll (D:1)
  A dart slug (D:1)
  3 bats (D:1)
  An endoplasm (D:1)
  A giant cockroach (D:1)
  8 goblins
  A hobgoblin (D:2)
  3 kobolds (D:1)
  A quokka (D:1)
  4 ball pythons (D:1)
  2 rats (D:1)
26 creatures vanquished.

Notes
Turn   | Place    | Note
-------+----------+-------------------------------------------
     0 | D:1      | DanTheMan429456 the Draconian Transmuter began the quest
                  | for the Orb.
     0 | D:1      | Reached XP level 1. HP: 16/16 MP: 3/3
   356 | D:1      | Reached XP level 2. HP: 22/23 MP: 3/5
   360 | D:1      | Learned a level 2 spell: Wereblood
   533 | D:1      | Found Voste's Distillery.
   617 | D:1      | Reached XP level 3. HP: 28/28 MP: 6/6
   893 | D:2      | Noticed Robin
   905 | D:2      | HP: 2/42 [hobgoblin[Robin] (6)]
   905 | D:2      | Slain by a hobgoblin

Illustrated notes

Levels and vault maps discovered:
D:1:      dpeg_arrival_long_road, layout_basic, serial_forest,
          infiniplex_forest_lined_3, infiniplex_forest_clump_long,
          infiniplex_forest_lined_1, infiniplex_forest_clump_long, serial_shops,
          shop_statue
D:2:      layout_rooms, patterned_corridor, uniq_robin

Skill      XL: |  1  2 |
---------------+-------+-----
Dodging        | 2 |  2.1
Fighting       | |  1.1
Unarmed Combat | |  3.7
Spellcasting   | |  2.4
Transmutations | |  2.2

Action                   || total
-------------------------++-------
Melee: Unarmed           ||    72
       Kick              ||     6
       Tailslap          ||     6
       Headbutt          ||     3
       Punch             ||     1
 Cast: Beastly Appendage ||    11
       Wereblood         ||     1
  Use: Scroll            ||     4
       Potion            ||     2
 Stab: Sleeping          ||     1
Armor: Skin              ||    30
Dodge: Dodged            ||    76

Table legend: (Time is in decaauts)
 A = Elapsed time spent in this place.
 B = Non-inter-level travel time spent in this place.
 C = Inter-level travel time spent in this place.
 D = Time resting spent in this place.
 E = Time spent auto-exploring this place.
 F = Levels seen in this place.
 G = Mean time per level.
                   A        B        C        D        E       F      G
               +--------+--------+--------+--------+--------+-----+--------+
         Total |    909 |    865 |     44 |      0 |    682 |   2 |  454.5 |
       Dungeon |    909 |    865 |     44 |      0 |    682 |   2 |  454.5 |
               +--------+--------+--------+--------+--------+-----+--------+

Top non-repeatable levels by time:
     D:1: 899 daAuts
     D:2: 10 daAuts
